WIN
PITTSBURGH (WIN) PIRATES @ MINNESOTA (WIN) TWINS
12/23/2046
 
TOP OF THE 1ST
Pittsburgh (WIN) Pirates batting - Pitching for Minnesota (WIN) Twins : RHP Matt Springer
Pitching: RHP Matt Springer
Batting: RHB Etsuro Hosokawa 0-0: Bunted foul
0-1: Ball
1-1: SOLO HOME RUN (Flyball, 9D, EV 100.0 MPH), Distance : 367 ft
Batting: RHB Richard Barrios 0-0: Called Strike
0-1: Ball
1-1: Foul Ball, location: 2F
1-2: Ball
2-2: Strikes out swinging
Batting: RHB Jose Almonte 0-0: Fly out, F8 (Line Drive, 8LD, EV 88.1 MPH)
Batting: SHB Mike Corley 0-0: Swinging Strike
0-1: Fly out, F7 (Flyball, 7D, EV 89.4 MPH)
Top of the 1st over - 1 run, 1 hit, 0 errors, 0 left on base; Pittsburgh (WIN) 1 - Minnesota (WIN) 0
BOTTOM OF THE 1ST
Minnesota (WIN) Twins batting - Pitching for Pittsburgh (WIN) Pirates : RHP Kyle Davis
Pitching: RHP Kyle Davis
Batting: RHB Jesse Scott 0-0: Ball
1-0: Ball
2-0: Ball
3-0: Base on Balls
Batting: RHB J.J. Powers 0-0: Ball
1-0: Foul Ball, location: 2F
1-1: Ball
Jesse Scott is caught stealing 2nd base 2-4
2-1: Foul Ball, location: 2F
2-2: Ball
3-2: Base on Balls
Batting: RHB Miguel Diaz 0-0: Ball
1-0: Called Strike
1-1: Ball
Wild Pitch!
J.J. Powers to second
2-1: Foul Ball, location: 2F
2-2: SINGLE (Groundball, 6MD, EV 95.6 MPH)
J.J. Powers to third
Runner from 3rd tries for Home, SAFE, throw by CF to home
Batting: LHB Chaim Huting 0-0: Called Strike
0-1: Ball
1-1: Ball
2-1: Ball
3-1: Swinging Strike
3-2: Base on Balls
Miguel Diaz to second
Batting: LHB Matt Robertson 0-0: Ball
1-0: Ball
2-0: Ball
3-0: Base on Balls
Miguel Diaz to third
Chaim Huting to second
Batting: RHB Manuel Juarez 0-0: Foul Ball, location: 2F
0-1: Called Strike
0-2: Fly out, F9 (Line Drive, 89S, EV 91.2 MPH)
Batting: RHB Cyril Husson 0-0: Foul Ball, location: 2F
0-1: Ball
1-1: Called Strike
1-2: Ball
Wild Pitch!
Miguel Diaz scores
Chaim Huting to third
Matt Robertson to second
2-2: Foul Ball, location: 2F
2-2: Strikes out swinging
Bottom of the 1st over - 2 runs, 1 hit, 0 errors, 2 left on base; Pittsburgh (WIN) 1 - Minnesota (WIN) 2
TOP OF THE 2ND
Pittsburgh (WIN) Pirates batting - Pitching for Minnesota (WIN) Twins : RHP Matt Springer
Batting: LHB Josh Aerni 0-0: Foul Ball, location: 2F
0-1: Foul Ball, location: 2F
0-2: Foul Ball, location: 2F
0-2: Ball
1-2: SINGLE (Groundball, 56D, EV 96.2 MPH)
Batting: RHB Perry Dominey 0-0: Ball
1-0: Ball
2-0: Swinging Strike
2-1: Ball
3-1: Foul Ball, location: 2F
3-2: Fly out, F6 (Popup, 6MD, EV 63.8 MPH)
Batting: SHB Ronnie Brooks 0-0: Called Strike
0-1: Ball
1-1: Ball
2-1: Called Strike
2-2: Ground out U3 (Groundball, 3L, EV 81.9 MPH)
Josh Aerni to second
Batting: RHB Ken Manser 0-0: Foul Ball, location: 2F
0-1: Foul Ball, location: 2F
0-2: Strikes out looking
Top of the 2nd over - 0 runs, 1 hit, 0 errors, 1 left on base; Pittsburgh (WIN) 1 - Minnesota (WIN) 2
BOTTOM OF THE 2ND
Minnesota (WIN) Twins batting - Pitching for Pittsburgh (WIN) Pirates : RHP Kyle Davis
Batting: LHB Israel Montoya 0-0: Foul Ball, location: 2F
0-1: Ball
1-1: Foul Ball, location: 2F
1-2: Ball
2-2: Strikes out swinging
Batting: RHB Jose Nunez 0-0: Called Strike
0-1: Ball
1-1: Foul Ball, location: 2F
1-2: Ball
2-2: Ball
3-2: Strikes out swinging
Batting: RHB Jesse Scott 0-0: Called Strike
0-1: Ball
1-1: Foul Ball, location: 2F
1-2: Strikes out looking
Bottom of the 2nd over - 0 runs, 0 hits, 0 errors, 0 left on base; Pittsburgh (WIN) 1 - Minnesota (WIN) 2
TOP OF THE 3RD
Pittsburgh (WIN) Pirates batting - Pitching for Minnesota (WIN) Twins : RHP Matt Springer
Batting: RHB Alex Arzate 0-0: Called Strike
0-1: Ball
1-1: Ball
2-1: Foul Ball, location: 2F
2-2: Foul Ball, location: 2F
2-2: Ball
3-2: Foul Ball, location: 2F
3-2: Base on Balls
Batting: RHB Etsuro Hosokawa 0-0: Called Strike
0-1: Ball
1-1: Foul Ball, location: 2F
1-2: Foul Ball, location: 2F
1-2: Ball
2-2: SINGLE (Line Drive, 3D, EV 100.0 MPH)
Alex Arzate to second
Runner from 2nd tries for 3rd, OUT! 9-5
Batting: RHB Richard Barrios 0-0: Ball
1-0: Swinging Strike
1-1: Fly out, F7 (Line Drive, 78M, EV 101.2 MPH)
Batting: RHB Jose Almonte 0-0: Ball
1-0: Foul Ball, location: 2F
1-1: Ball
2-1: Fly out, F9 (Flyball, 9, EV 88.8 MPH)
Top of the 3rd over - 0 runs, 1 hit, 0 errors, 1 left on base; Pittsburgh (WIN) 1 - Minnesota (WIN) 2
BOTTOM OF THE 3RD
Minnesota (WIN) Twins batting - Pitching for Pittsburgh (WIN) Pirates : RHP Kyle Davis
Batting: RHB J.J. Powers 0-0: Ball
1-0: Called Strike
1-1: Ball
2-1: Ball
3-1: Foul Ball, location: 2F
3-2: Base on Balls
Batting: RHB Miguel Diaz 0-0: Ball
1-0: Called Strike
J.J. Powers is caught stealing 2nd base 2-4
1-1: Fly out, F8 (Line Drive, 8RM, EV 93.1 MPH)
Batting: LHB Chaim Huting 0-0: SINGLE (Line Drive, 89S, EV 101.9 MPH)
Batting: LHB Matt Robertson 0-0: Called Strike
Chaim Huting is caught stealing 2nd base 2-6
Bottom of the 3rd over - 0 runs, 1 hit, 0 errors, 0 left on base; Pittsburgh (WIN) 1 - Minnesota (WIN) 2
TOP OF THE 4TH
Pittsburgh (WIN) Pirates batting - Pitching for Minnesota (WIN) Twins : RHP Matt Springer
Batting: SHB Mike Corley 0-0: Fly out, F9 (Flyball, 89D, EV 103.8 MPH)
Batting: LHB Josh Aerni 0-0: Ball
1-0: Called Strike
1-1: Swinging Strike
1-2: Ball
2-2: Ball
3-2: Ground out U3 (Groundball, 3, EV 78.1 MPH)
Batting: RHB Perry Dominey 0-0: Called Strike
0-1: Called Strike
0-2: Strikes out swinging
Top of the 4th over - 0 runs, 0 hits, 0 errors, 0 left on base; Pittsburgh (WIN) 1 - Minnesota (WIN) 2
BOTTOM OF THE 4TH
Minnesota (WIN) Twins batting - Pitching for Pittsburgh (WIN) Pirates : RHP Kyle Davis
Batting: LHB Matt Robertson 0-0: Ball
1-0: Ball
2-0: Called Strike
2-1: Fly out, F7 (Flyball, 7, EV 87.5 MPH)
Batting: RHB Manuel Juarez 0-0: Called Strike
0-1: Ball
1-1: Ball
2-1: SINGLE (Groundball, 6D, EV 102.5 MPH)
Batting: RHB Cyril Husson 0-0: Ball
1-0: SINGLE (Line Drive, 7S, EV 90.0 MPH)
Manuel Juarez to second
Batting: LHB Israel Montoya 0-0: SINGLE (Line Drive, 6D, EV 96.9 MPH)
Manuel Juarez to third
Cyril Husson to second
Batting: RHB Jose Nunez 0-0: Called Strike
0-1: Fly out, F8 (Line Drive, 89M, EV 92.5 MPH)
Runner from 3rd tags up, SCORES, throw by CF
Cyril Husson to third
Batting: RHB Jesse Scott 0-0: Called Strike
Israel Montoya steals 2nd base
0-1: Ground out 1-3 (Groundball, 13S, EV 76.9 MPH)
Bottom of the 4th over - 1 run, 3 hits, 0 errors, 2 left on base; Pittsburgh (WIN) 1 - Minnesota (WIN) 3
TOP OF THE 5TH
Pittsburgh (WIN) Pirates batting - Pitching for Minnesota (WIN) Twins : RHP Matt Springer
Batting: SHB Ronnie Brooks 0-0: Ball
1-0: SINGLE (Groundball, 4MD, EV 105.6 MPH)
Batting: RHB Ken Manser 0-0: Foul Ball, location: 2F
0-1: Swinging Strike
0-2: Ball
1-2: Grounds into double play, 4-6-3 (Groundball, 34, EV 101.9 MPH)
Batting: RHB Alex Arzate 0-0: Called Strike
0-1: Swinging Strike
0-2: Ball
1-2: Ball
2-2: Strikes out looking
Top of the 5th over - 0 runs, 1 hit, 0 errors, 0 left on base; Pittsburgh (WIN) 1 - Minnesota (WIN) 3
BOTTOM OF THE 5TH
Minnesota (WIN) Twins batting - Pitching for Pittsburgh (WIN) Pirates : RHP Kyle Davis
Batting: RHB J.J. Powers 0-0: Foul Ball, location: 2F
0-1: Ball
1-1: Bunted foul
1-2: Ball
2-2: Ball
3-2: Base on Balls
Batting: RHB Miguel Diaz 0-0: Ball
J.J. Powers steals 2nd base
1-0: Foul Ball, location: 2F
1-1: Swinging Strike
1-2: Fly out, F8 (Flyball, 8LM, EV 83.8 MPH)
Batting: LHB Chaim Huting 0-0: Ball
1-0: Ball
2-0: Called Strike
2-1: Foul Ball, location: 2F
2-2: Strikes out looking
Batting: LHB Matt Robertson 0-0: Fly out, F4 (Flyball, 4D, EV 84.4 MPH)
Bottom of the 5th over - 0 runs, 0 hits, 0 errors, 1 left on base; Pittsburgh (WIN) 1 - Minnesota (WIN) 3
TOP OF THE 6TH
Pittsburgh (WIN) Pirates batting - Pitching for Minnesota (WIN) Twins : RHP Matt Springer
Batting: RHB Etsuro Hosokawa 0-0: Ball
1-0: Swinging Strike
1-1: Ground out 6-3 (Groundball, 6, EV 100.0 MPH)
Batting: RHB Richard Barrios 0-0: Called Strike
0-1: Ball
1-1: Ball
2-1: Ground out 4-3 (Groundball, 13, EV 83.8 MPH)
Batting: RHB Jose Almonte 0-0: Called Strike
0-1: Ball
1-1: Fly out, F8 (Flyball, 89M, EV 86.2 MPH)
Top of the 6th over - 0 runs, 0 hits, 0 errors, 0 left on base; Pittsburgh (WIN) 1 - Minnesota (WIN) 3
BOTTOM OF THE 6TH
Minnesota (WIN) Twins batting - Pitching for Pittsburgh (WIN) Pirates : RHP Kyle Davis
Pitching: RHP Francisco Castillo
Batting: RHB Manuel Juarez 0-0: Ball
1-0: Ball
2-0: Called Strike
2-1: Swinging Strike
2-2: Ball
3-2: Strikes out swinging
Batting: RHB Cyril Husson 0-0: Called Strike
0-1: Foul Ball, location: 2F
0-2: Foul Ball, location: 2F
0-2: Ball
1-2: Ball
2-2: Ground out 6-3 (Groundball, 4M, EV 106.9 MPH)
Batting: LHB Israel Montoya 0-0: SINGLE (Line Drive, 7S, EV 88.8 MPH)
Batting: RHB Jose Nunez 0-0: Foul Ball, location: 2F
0-1: Swinging Strike
0-2: Ball
1-2: Ball
2-2: SINGLE (Groundball, 56D, EV 94.4 MPH)
Israel Montoya to second
Runner from 2nd tries for 3rd, SAFE, throw by LF made to third
Batting: RHB Jesse Scott 0-0: Called Strike
0-1: Called Strike
0-2: Ball
1-2: Ball
2-2: Fly out, F7 (Flyball, 7, EV 87.5 MPH)
Bottom of the 6th over - 0 runs, 2 hits, 0 errors, 2 left on base; Pittsburgh (WIN) 1 - Minnesota (WIN) 3
TOP OF THE 7TH
Pittsburgh (WIN) Pirates batting - Pitching for Minnesota (WIN) Twins : RHP Matt Springer
Batting: SHB Mike Corley 0-0: Fly out, F8 (Flyball, 8LM, EV 88.8 MPH)
Batting: LHB Josh Aerni 0-0: Foul Ball, location: 2F
0-1: Hit by Pitch
Batting: RHB Perry Dominey 0-0: Ball
1-0: Fly out, F8 (Flyball, 8LD, EV 88.8 MPH)
Batting: SHB Ronnie Brooks 0-0: Ball
1-0: Called Strike
1-1: Swinging Strike
1-2: Strikes out swinging
Top of the 7th over - 0 runs, 0 hits, 0 errors, 1 left on base; Pittsburgh (WIN) 1 - Minnesota (WIN) 3
BOTTOM OF THE 7TH
Minnesota (WIN) Twins batting - Pitching for Pittsburgh (WIN) Pirates : RHP Francisco Castillo
Batting: RHB J.J. Powers 0-0: Called Strike
0-1: Ball
1-1: Called Strike
1-2: Foul Ball, location: 2F
1-2: Ball
2-2: Foul Ball, location: 2F
2-2: Ground out 1-3 (Groundball, 34S, EV 70.0 MPH)
Batting: RHB Miguel Diaz 0-0: Swinging Strike
0-1: Called Strike
0-2: Foul Ball, location: 2F
0-2: Ball
1-2: Ball
2-2: Foul Ball, location: 2F
2-2: Strikes out swinging
Batting: LHB Chaim Huting 0-0: Called Strike
0-1: Swinging Strike
0-2: Foul Ball, location: 2F
0-2: Strikes out swinging
Bottom of the 7th over - 0 runs, 0 hits, 0 errors, 0 left on base; Pittsburgh (WIN) 1 - Minnesota (WIN) 3
TOP OF THE 8TH
Pittsburgh (WIN) Pirates batting - Pitching for Minnesota (WIN) Twins : RHP Matt Springer
Batting: RHB Ken Manser 0-0: Called Strike
0-1: Ball
1-1: Swinging Strike
1-2: Strikes out swinging
Pitching: LHP Jim Storer
Batting: RHB Alex Arzate 0-0: Ball
1-0: Called Strike
1-1: Ball
2-1: Foul Ball, location: 2F
2-2: Foul Ball, location: 2F
2-2: Strikes out swinging
Batting: RHB Etsuro Hosokawa 0-0: Ground out 6-3 (Groundball, 6, EV 85.6 MPH)
Top of the 8th over - 0 runs, 0 hits, 0 errors, 0 left on base; Pittsburgh (WIN) 1 - Minnesota (WIN) 3
BOTTOM OF THE 8TH
Minnesota (WIN) Twins batting - Pitching for Pittsburgh (WIN) Pirates : RHP Francisco Castillo
Batting: LHB Matt Robertson 0-0: Ball
1-0: Ball
2-0: Ball
3-0: Called Strike
3-1: Base on Balls
Batting: RHB Manuel Juarez 0-0: Sac Bunt to P - play at first, batter OUT! 1-3
Matt Robertson to second
Batting: RHB Cyril Husson 0-0: Called Strike
0-1: Foul Ball, location: 2F
0-2: Ball
1-2: Strikes out swinging
Batting: LHB Israel Montoya 0-0: Called Strike
0-1: Ball
1-1: Ball
2-1: Foul Ball, location: 2F
2-2: Strikes out swinging
Bottom of the 8th over - 0 runs, 0 hits, 0 errors, 1 left on base; Pittsburgh (WIN) 1 - Minnesota (WIN) 3
TOP OF THE 9TH
Pittsburgh (WIN) Pirates batting - Pitching for Minnesota (WIN) Twins : LHP Jim Storer
Pitching: LHP Inkei Wakamatsu
Batting: RHB Richard Barrios 0-0: Called Strike
0-1: Foul Ball, location: 2F
0-2: Strikes out looking
Batting: RHB Jose Almonte 0-0: Ball
1-0: Ball
2-0: Ball
3-0: Base on Balls
Batting: SHB Mike Corley 0-0: Fielders Choice at 2nd, 5-4 (Groundball, 56, EV 83.8 MPH)
Pinch Hitting: RHB Brandon White 0-0: Ball
1-0: Called Strike
1-1: Fly out, F2 (Popup, 23F, EV 85.6 MPH)
Top of the 9th over - 0 runs, 0 hits, 0 errors, 1 left on base; Pittsburgh (WIN) 1 - Minnesota (WIN) 3
Tuesday, September 13th , 2022 - OOTP Baseball 23.7 Build 88